 Dungeon Crawl Stone Soup version 0.26-a0-1164-g1a551d6a14 (webtiles) character file.

Game seed: 12292938071029709701

119 vvl the Skirmisher (level 4, -5/37 HPs)
             Began as a Demonspawn Fighter on Dec 24, 2020.
             Slain by Sigmund
             ... wielding a +2 vorpal scythe
              (10 damage)
             ... on level 3 of the Dungeon.
             The game lasted 00:05:16 (2436 turns).

vvl the Skirmisher (Demonspawn Fighter)             Turns: 2436, Time: 00:05:17

Health: -5/37      AC:  6    Str: 18    XL:     4   Next: 74%
Magic:  4/4        EV:  7    Int:  9    God:
Gold:   171        SH:  9    Dex: 12    Spells: 3/3 levels left

rFire    + . .     SeeInvis .   a - +0 long sword
rCold    + . .     Faith    .   c - +0 kite shield
rNeg     . . .     Spirit   .   q - +0 scale mail
rPois    +         Reflect  .   (helmet restricted)
rElec    +         Harm     .   (no cloak)
rCorr    +         Rampage  .   (no gloves)
Will     .....                  (no boots)
Stlth    ..........             (no amulet)
HPRegen  0.12/turn              (no ring)
MPRegen  0.09/turn              (no ring)

@: resistant
A: hooves 1, horns 1, powered by death 1, evolution 1
a: no special abilities


You were on level 3 of the Dungeon.
You visited 1 branch of the dungeon, and saw 3 of its levels.

You collected 171 gold pieces.

Inventory:

Hand Weapons
 a - a +0 long sword (weapon)
 g - a +1 vampiric dagger
Armour
 c - a +0 kite shield (worn)
 q - a +0 scale mail (worn)
Jewellery
 i - a +4 ring of protection {unknown}
Scrolls
 e - 7 scrolls of identify {unknown}
 j - a scroll of teleportation {unknown}
 n - a scroll of immolation {unknown}
 p - a scroll of enchant weapon {unknown}
Potions
 d - a potion of might
 f - 2 potions of mutation
 h - a potion of heal wounds
 k - a potion of invisibility {unknown}
 l - a potion of lignification {unknown}
 m - a potion of brilliance {unknown}
 o - a potion of flight {unknown}
 r - a potion of haste {unknown}


   Skills:
 + Level 3.7 Fighting
 * Level 2.9 Long Blades
 - Level 3.2 Armour
 - Level 3.3 Shields
 + Level 0.6 Necromancy


You had 3 spell levels left.
You didn't know any spells.
Your spell library was empty.

Dungeon Overview and Level Annotations

Branches:
Dungeon (3/15)

Altars:
Fedhas
Vehumet

Annotations:
D:3 Sigmund


Innate Abilities, Weirdness & Mutations

You have large cloven feet.
You regenerate a little health from kills.
You have a pair of small horns on your head.
You evolve.


Message History

The magic dart hits you.
You miss something. Something hits you but does no damage.
You miss something. Something hits you!
* * * LOW HITPOINT WARNING * * *
x2 It was a potion of resistance.
You feel protected. You block something's attack.
It was a potion of mutation.
You feel extremely strange.
You feel nature experimenting on you.
Don't worry, failures die fast.
A pair of horns grows on your head!
It was a potion of heal wounds.
You feel much better. Something hits you!
You closely miss something. Your headbutt misses something. Something hits you.
You hit something. Your kick misses something. You headbutt something.
Something hits you but does no damage.
You closely miss something. Your kick misses something. You headbutt something.
Something hits you.
* * * LOW HITPOINT WARNING * * *
x2 You hit something but do no damage.
Your kick misses something. Your headbutt misses something. Something hits you!
You die...

............. #'###...#...
..... ...##...#.#.. .....
...#......... ....
...#......... ..#
#+##.....#... ...####+
#.#......# #. #........
#.....##.########{#.......
#...............@.........
...........#....##........
#.#........#....##........
#.#........#....##........
#.#....)...#....##........
..#........#....##........
..####.....#....##........
..# ##.........#........
.................#........


There were no monsters in sight!

Vanquished Creatures
  3 gnolls (D:2)
  2 adders
  An ooze (D:3)
  2 worms (D:3)
  2 dart slugs
  4 leopard geckos
  An orc (D:3)
  3 giant cockroaches
  8 hobgoblins
  6 jackals
  2 bats (D:1)
  3 frilled lizards (D:1)
  5 goblins
  6 kobolds
  5 rats
53 creatures vanquished.

Notes
Turn   | Place    | Note
-------+----------+-------------------------------------------
     0 | D:1      | vvl the Demonspawn Fighter began the quest for the Orb.
     0 | D:1      | Reached XP level 1. HP: 18/18 MP: 1/1
   466 | D:1      | Gained mutation: You regenerate a little health from kills.
                  | [demonic ancestry]
   466 | D:1      | Reached XP level 2. HP: 15/24 MP: 2/2
  1104 | D:2      | Gained mutation: You have large cloven feet. [demonic
                  | ancestry]
  1104 | D:2      | Reached XP level 3. HP: 27/29 MP: 3/3
  1397 | D:2      | Reached XP level 4. HP: 22/35 MP: 4/4
  2060 | D:3      | Found a radiant altar of Vehumet.
  2118 | D:3      | Found a blossoming altar of Fedhas.
  2410 | D:3      | Noticed Sigmund
  2431 | D:3      | Gained mutation: You evolve. [potion of mutation]
  2431 | D:3      | Gained mutation: You have a pair of small horns on your
                  | head. [potion of mutation]
  2436 | D:3      | Slain by Sigmund

Illustrated notes

Levels and vault maps discovered:
D:1:      nicolae_arrival_washed_ashore, layout_loops_ring
D:2:      layout_basic
D:3:      layout_basic, fedhas_altar_1, vehumet_crystals, uniq_sigmund

Skill      XL: |  1  2 |
---------------+-------+-----
Long Blades    | 2 |  2.9
Shields        | 3 |  3.3
Armour         | 3 |  3.2
Fighting       | |  3.7
Necromancy     | |  0.6

Action                   |  1- 3 |  4- 6 || total
-------------------------+-------+-------++-------
Melee: Long sword        |   127 |    79 ||   206
       Kick              |    11 |    19 ||    30
       Headbutt          |       |     2 ||     2
  Use: Potion            |       |     3 ||     3
Armor: Scale mail        |    67 |    24 ||    91
Dodge: Dodged            |    44 |    19 ||    63
Block: Kite shield       |    79 |    32 ||   111
       Rpst.: Long sword |    17 |     5 ||    22

Table legend: (Time is in decaauts)
 A = Elapsed time spent in this place.
 B = Non-inter-level travel time spent in this place.
 C = Inter-level travel time spent in this place.
 D = Time resting spent in this place.
 E = Time spent auto-exploring this place.
 F = Levels seen in this place.
 G = Mean time per level.
                   A        B        C        D        E       F      G
               +--------+--------+--------+--------+--------+-----+--------+
         Total |   2511 |   2468 |     43 |      0 |   1993 |   3 |  837.0 |
       Dungeon |   2511 |   2468 |     43 |      0 |   1993 |   3 |  837.0 |
               +--------+--------+--------+--------+--------+-----+--------+

Top non-repeatable levels by time:
     D:1: 1080 daAuts
     D:2: 989 daAuts
     D:3: 441 daAuts
